[Event "Early-Titled-Tuesday-Blitz-April-23-2024"]
[Site "Chess.com"]
[Date "2024.04.23"]
[Round "4"]
[White "MetiForce"]
[Black "Alexchess1984"]
[Result "0-1"]
[WhiteElo "2928"]
[BlackElo "2651"]
[TimeControl "180+1"]
[EndTime "8:40:17 PDT"]
[Termination "Alexchess1984 won by checkmate"]

1. b4 e6 2. Bb2 f5 3. Nf3 Nf6 4. a3 Be7 5. h3 c6 6. g4 O-O 7. gxf5 exf5 8. Rg1 d5 9. d3 Kh8 10. Nbd2 Be6 11. Nb3 Bg8 12. Qd2 Nh5 13. Nbd4 Bf6 14.
O-O-O a5 15. bxa5 c5 16. Nb3 Bxb2+ 17. Kxb2 Nd7 18. Rg5 Qf6+ 19. Qc3 d4 20. Qd2 g6 21. h4 b5 22. Bh3 Rfe8 23. Bxf5 Ne5 24. Be4 Nxf3 25.
exf3 Rad8 26. Nxc5 Qf7 27. Ra1 Nf4 28. Qb4 Ne2 29.
a6 Nc3 30. Nb7 Na4+ 31. Kc1 Qf4+ 32. Qd2 Qxh4 33. Rg1 Rc8 34. Nd6 Bb3 35. Nxe8 Rxc2+ 36. Qxc2 Bxc2 37. Kxc2 Qxf2+ 38. Kc1 Qb2+ 39. Kd1 Qxa1+ 40. Ke2 Qxg1 41. a7 Qg2+ 42. Ke1 Qg1+ 43. Ke2 Qe3+ 44.
Kf1 Qc1+ 45. Kg2 Nb6 46. Nd6 Qxa3 47. Nxb5 Qa5 48. Bc6 Kg7 49. f4 h5 50. Kf3 Qd2 51. Be4 Qe3+ 52. Kg2 h4 53. Nd6 Qxf4 54. Nc4 Qg3+ 55.
Kf1 Qc7 56. Nxb6 Qxa7 57. Nd5 Qf7+ 58. Kg2 g5 59. Kh3 Qf2 60. Kg4 Kh6 61. Ne7 Qf4+ 62. Kh3 Qg3# 0-1

[Event "Early-Titled-Tuesday-Blitz-April-23-2024"]
[Site "Chess.com"]
[Date "2024.04.23"]
[Round "4"]
[White "OparinGrigoriy"]
[Black "Keranke"]
[Result "0-1"]
[WhiteElo "2976"]
[BlackElo "2849"]
[TimeControl "180+1"]
[EndTime "8:40:18 PDT"]
[Termination "Keranke won by resignation"]

1. d4 d5 2. Nf3 Bf5 3. c4 e6 4.
Nc3 Nc6 5. a3 Nf6 6. Bg5 Be7 7.
e3 Ne4 8. Bxe7 Nxe7 9. Rc1 Nxc3 10. Rxc3 O-O 11. Bd3 Bxd3 12. Qxd3 c6 13. O-O Ng6 14. b4 Re8 15. b5 cxb5 16. cxb5 Rc8 17. Rfc1 Rxc3 18. Qxc3 Qb6 19. a4 Ne7 20. Qc7 Qxc7 21.
Rxc7 Rc8 22. Rxc8+ Nxc8 23. Nd2 Kf8 24. Kf1 Ke7 25. Ke2 Kd6 26. Kd3 f6 27. Kc3 e5 28.
a5 Ne7 29. Nb3 b6 30. a6 Nf5 31. Nc1 Nh4 32. g3 Nf3 33. h4 h5 34. Nd3 exd4+ 35.
exd4 g5 36. Nb4 gxh4 37. gxh4 Nxh4 38. Nc6 Nf5 39. Nxa7 Kc7 40. Nc6 h4 41. Nb4 Ne7 42. Nd3 h3 43. f3 Nf5 44. Nf2 h2 45. Nh1 Nd6 46. Kb4 Kb8 47. f4 Ka7 48. Ng3 Nf5 49. Nh1 Nxd4 50. Ng3 Ne2 51. Nh1 Nxf4 52. Kc3 Ne6 53. Kd3 Nc7 54. Kd4 Nxb5+ 55. Kxd5 Kxa6 56. Ke6 Nd4+ 57. Kxf6 Kb5 58. Ke5 Kc4 59. Kf4 b5 60. Kg3 b4 61. Kxh2 b3 62. Nf2 b2 63. Ne4 Kd3 64. Nc5+ Kc2 0-1

[Event "Early-Titled-Tuesday-Blitz-April-23-2024"]
[Site "Chess.com"]
[Date "2024.04.23"]
[Round "4"]
[White "Bauman_Guy"]
[Black "jinbojinbo"]
[Result "0-1"]
[WhiteElo "2896"]
[BlackElo "2641"]
[TimeControl "180+1"]
[EndTime "8:40:19 PDT"]
[Termination "jinbojinbo won by checkmate"]

1. e4 e5 2. Nf3 Nc6 3. Bb5 a6 4. Ba4 Nf6 5. O-O d6 6. c3 Bd7 7. d3 g6 8. Nbd2 Bg7 9. Re1 O-O 10.
Nf1 Re8 11. Ng3 b5 12. Bc2 a5 13. h3 a4 14. d4 Na5 15. Rb1 c5 16. dxe5 dxe5 17.
Bg5 Qc7 18. Qe2 Be6 19. b3 axb3 20. axb3 c4 21. b4 Nb3 22. Rb2 Nd7 23. Be3 Nb6 24.
Ng5 Na4 25. Nxe6 Rxe6 26. Rxb3 cxb3 27. Bxb3 Nxc3 28. Qg4 Rea6 29. Bc5 Ra1 30. Rxa1 Rxa1+ 31. Kh2 Ra3 32. Bd5 Nxd5 33. exd5 f5 34. Qg5 Qd7 35. d6 e4 36. Qd2 Bf6 37. Qd5+ Kg7 38. Ne2 Qf7 39.
Qc6 Be5+ 40. g3 Rd3 41. Nf4 Bxf4 42. gxf4 Qb3 43. Be3 Qd5 44. Qc7+ Kh6 45. Bc5 e3 46. Bxe3 Rd1 47. Qe7 Qh1+ 48. Kg3 Rg1+ 49. Kh4 Rg4# 0-1

[Event "Early-Titled-Tuesday-Blitz-April-23-2024"]
[Site "Chess.com"]
[Date "2024.04.23"]
[Round "4"]
[White "HajiyevKanan"]
[Black "DanielDardha2005"]
[Result "1-0"]
[WhiteElo "2624"]
[BlackElo "2853"]
[TimeControl "180+1"]
[EndTime "8:40:20 PDT"]
[Termination "HajiyevKanan won by resignation"]

1. d4 d5 2. c4 dxc4 3. e3 Nf6 4. Bxc4 a6 5. Nf3 e6 6. O-O c5 7. Nc3 b5 8. Be2 Bb7 9. b3 Nbd7 10. Bb2 cxd4 11.
Nxd4 Rc8 12. Bf3 Qb6 13. Bxb7 Qxb7 14. Rc1 Be7 15. Qf3 Qxf3 16. gxf3 O-O 17. Ne4 Nxe4 18. fxe4 Nc5 19. Ba3 Bd6 20. e5 Be7 21. Rc2 Rc7 22. Rfc1 Rfc8 23. b4 a5 24. bxc5 b4 25. Bb2 Rxc5 26.
Rxc5 Rxc5 27. Rxc5 Bxc5 28. Nb3 Bb6 29. Bd4 Bc7 30.
f4 g5 31. fxg5 Kg7 32. Kf2 Kg6 33. h4 Kf5 34. Kf3 Kg6 35. Kg4 h5+ 36. Kf4 Bd8 37.
Bc5 a4 38. Nd4 Ba5 39. Ke4 b3 40. axb3 axb3 41. Nxb3 Be1 42. Kf4 Bxh4 43. Be7 Be1 44. Nd4 Bc3 45. Nf3 Bb2 46. Nh4+ Kg7 47. Bf6+ Kh7 48.
Kg3 Bc1 49. e4 Bb2 50. Nf3 Bc1 51. Kh4 Kg6 52. Nd4 Bb2 53. Ne2 Bc1 54. Nxc1 1-0

[Event "Early-Titled-Tuesday-Blitz-April-23-2024"]
[Site "Chess.com"]
[Date "2024.04.23"]
[Round "4"]
[White "Djager97"]
[Black "ViktoriyaTarasova"]
[Result "1-0"]
[WhiteElo "2553"]
[BlackElo "2363"]
[TimeControl "180+1"]
[EndTime "8:40:20 PDT"]
[Termination "Djager97 won by checkmate"]

1. e4 e5 2. Nf3 Nc6 3. d4 exd4 4. Nxd4 Nf6 5. Nxc6 bxc6 6. e5 Qe7 7. Qe2 Nd5 8. c4 Nb6 9. Nc3 Qe6 10. Qe4 Bb4 11. Bd2 O-O 12. Bd3 g6 13. O-O a5 14.
Rae1 d5 15. exd6 Qxd6 16. Bf4 Qd8 17. Qf3 Be6 18. Rd1 Bxc3 19. bxc3 Qf6 20. Qg3 Bxc4 21.
Bxc7 Bxd3 22. Rxd3 Nd5 23. Be5 Qe6 24. c4 Ne7 25.
Ba1 Nf5 26. Qg5 f6 27. Qd2 Rae8 28. h3 a4 29. c5 Qe2 30. Qc3 Qxa2 31. Rd7 Re7 32.
Rfd1 Qb3 33. Qc1 a3 34. Rxe7 Nxe7 35. Rd7 a2 36. Rxe7 Qb1 37. Re1 Rb8 38. Qc4+ Kg7 39. Bxf6+ Kxf6 40. Qd4+ Kf7 41. Qd7+ Kf6 42. Qe7+ Kf5 43.
g4+ Kf4 44. Qe5+ Kf3 45. Qe3# 1-0

[Event "Early-Titled-Tuesday-Blitz-April-23-2024"]
[Site "Chess.com"]
[Date "2024.04.23"]
[Round "4"]
[White "Baku_Boulevard"]
[Black "RobertoJBM"]
[Result "1-0"]
[WhiteElo "3049"]
[BlackElo "2853"]
[TimeControl "180+1"]
[EndTime "8:40:22 PDT"]
[Termination "Baku_Boulevard won on time"]

1. e4 c6 2. Nf3 d5 3. e5 Bg4 4. Be2 e6 5. O-O Ne7 6. d4 Nd7 7. Nbd2 c5 8. c3 Nc6 9. h3 Bh5 10. Re1 Be7 11. a3 Rc8 12. b4 cxd4 13. cxd4 O-O 14. Nb3 Nb6 15. Nc5 Rc7 16. Bf4 Nc4 17.
g4 Bg6 18. Qb3 b6 19. Na6 Rc8 20. Bg3 Be4 21. Rad1 Qd7 22. Qa2 Qb7 23. b5 N6a5 24.
a4 Na3 25. Rc1 Nc2 26. Red1 Bxf3 27. Rxc2 Rxc2 28. Qxc2 Rc8 29. Qd3 Bxe2 30. Qxe2 Rc4 31. f4 Rxa4 32. f5 Ra3 33. Qf2 Qd7 34. Rf1 exf5 35.
gxf5 Bg5 36. e6 Qxb5 37. Nc7 Qd3 38. Kh2 Bf6 39. Qg2 Qxd4 40. Re1 fxe6 41. fxe6 Re3 42. Rxe3 Qxe3 43. Qxd5 Qe2+ 44. Kg1 Qe3+ 45. Kf1 Kf8 46. Bd6+ Be7 47. Qf5+ 1-0

[Event "Early-Titled-Tuesday-Blitz-April-23-2024"]
[Site "Chess.com"]
[Date "2024.04.23"]
[Round "4"]
[White "ScofieldMichael01"]
[Black "MyDream003"]
[Result "0-1"]
[WhiteElo "2600"]
[BlackElo "2817"]
[TimeControl "180+1"]
[EndTime "8:40:22 PDT"]
[Termination "MyDream003 won by checkmate"]

1. Nf3 Nf6 2. g3 d5 3. Bg2 c6 4. O-O g6 5. b3 Bg7 6. Bb2 O-O 7. c4 b6 8. d3 Bb7 9. Nbd2 Nbd7 10.
Rc1 e6 11. Rc2 Re8 12. Qa1 Rc8 13. Rfc1 c5 14. cxd5 Bxd5 15. Nc4 Qe7 16. a3 Nh5 17. Bxg7 Nxg7 18. b4 cxb4 19. axb4 b5 20. Ne3 Rxc2 21. Rxc2 Nb6 22. Nxd5 Nxd5 23. Ra2 Nxb4 24. Rxa7 Qc5 25.
h4 Nc6 26. Ra8 Qf8 27. Ra6 Nb4 28. Ra7 Nc6 29. Rb7 Rb8 30. Qa6 Rxb7 31. Qxb7 Nb4 32. Qxb5 Nd5 33. Ng5 h6 34. Ne4 Qd8 35. Qb7 Nf5 36. Nc5 Nc3 37. Bf3 Nxg3 38. Nxe6 Ngxe2+ 39. Bxe2 Nxe2+ 40. Kf1 Qxd3 41. Qb8+ Kh7 42. Ke1 Nc3 43. Qe5 Qd1# 0-1

[Event "Early-Titled-Tuesday-Blitz-April-23-2024"]
[Site "Chess.com"]
[Date "2024.04.23"]
[Round "4"]
[White "Agibileg"]
[Black "GlavkonVVS"]
[Result "1-0"]
[WhiteElo "2815"]
[BlackElo "2596"]
[TimeControl "180+1"]
[EndTime "8:40:22 PDT"]
[Termination "Agibileg won by resignation"]

1. d4 Nf6 2. c4 c5 3. d5 e6 4. Nc3 exd5 5. cxd5 d6 6. e4 g6 7. Bd3 Bg7 8. h3 O-O 9. Nf3 b5 10. Nxb5 Nxe4 11. Bxe4 Re8 12. Ng5 Qa5+ 13. Nc3 Ba6 14. f3 h6 15. Ne6 fxe6 16. Bxg6 Re7 17.
Kf2 Bd4+ 18. Be3 Bxe3+ 19. Kxe3 exd5+ 20. Kf2 d4 21. Be4 dxc3 22. Bxa8 Re2+ 23. Kg3 Qd8 24. Qd5+ Kh8 25. bxc3 Qf6 26. Rhg1 Nd7 27. Rae1 Ne5 28.
Rxe2 Bxe2 29. Re1 Bc4 30. Qb7 Qg5+ 31. Kh2 Qf4+ 32. Kh1 Qg3 33. Qb8+ Kg7 34. Qc7+ Bf7 35. Rd1 Nc4 36. Bd5 Qf4 37. Qxf7+ Qxf7 38. Bxf7 Kxf7 39. Kg1 Ke6 40. Kf2 d5 41. Ke2 Ke5 42. Rb1 d4 43. Kd3 Ne3 44. cxd4+ cxd4 45. g3 Nf5 46. Rb5+ Ke6 47. Rxf5 Kxf5 48. Kxd4 h5 49. h4 a5 50. a4 1-0

[Event "Early-Titled-Tuesday-Blitz-April-23-2024"]
[Site "Chess.com"]
[Date "2024.04.23"]
[Round "4"]
[White "lupta_robin"]
[Black "superchess02"]
[Result "1/2-1/2"]
[WhiteElo "2573"]
[BlackElo "2886"]
[TimeControl "180+1"]
[EndTime "8:40:22 PDT"]
[Termination "Game drawn by repetition"]

1. b3 Nf6 2. Bb2 e6 3. Nf3 c5 4. e3 Nc6 5. c4 d5 6. cxd5 exd5 7. Bb5 Bd6 8. h3 O-O 9. O-O a6 10. Bxc6 bxc6 11. d4 cxd4 12. Qxd4 c5 13. Qh4 Be7 14.
Rd1 h6 15. Nc3 Be6 16. Rac1 Qb8 17. Na4 Rc8 18. Ne5 Qb7 19. Nd3 c4 20. Nf4 cxb3 21. Nxe6 fxe6 22. axb3 Qxb3 23. Qd4 Rab8 24. Rxc8+ Rxc8 25.
Nb6 Rb8 26. Nd7 Qxb2 27. Nxb8 Qxb8 28. Ra1 Ne4 29. Rxa6 Qb1+ 30. Kh2 Nxf2 31. Rxe6 Qh1+ 32. Kg3 Ne4+ 33. Rxe4 dxe4 34. Qd5+ Kh8 35. Qa8+ Bd8 36. Qxd8+ Kh7 37. Qd5 Qe1+ 38. Kf4 Qf2+ 39. Kxe4 Qxg2+ 40. Kd4 Qxh3 41. Qe4+ Kg8 42. Qe8+ Kh7 43. Qe4+ g6 44.
Qe7+ Kg8 45. Qe8+ Kg7 46. Qe7+ Kg8 47. Qe8+ Kg7 48. Qe7+ Kg8 1/2-1/2

[Event "Early-Titled-Tuesday-Blitz-April-23-2024"]
[Site "Chess.com"]
[Date "2024.04.23"]
[Round "4"]
[White "bazar-wokzal"]
[Black "Yonousomodulo"]
[Result "1/2-1/2"]
[WhiteElo "2603"]
[BlackElo "2399"]
[TimeControl "180+1"]
[EndTime "8:40:22 PDT"]
[Termination "Game drawn by repetition"]

1. e4 c6 2. d4 d5 3. f3 dxe4 4. fxe4 e5 5. Nf3 Bg4 6. c3 Bd6 7. Be3 Nd7 8. Bd3 Ngf6 9. O-O O-O 10. Nbd2 Re8 11. Qb3 b5 12. a4 a6 13. h3 Bh5 14.
Rf2 Qc7 15. Raf1 Bg6 16. axb5 axb5 17. Qc2 Ra2 18. Qb1 Rea8 19. Nh4 R8a4 20. Nxg6 hxg6 21.
Bc2 Ra8 22. Bb3 R2a6 23. g4 g5 24. Bxg5 c5 25. Bxf6 gxf6 26. Bd5 Rb8 27. g5 cxd4 28. cxd4 exd4 29. gxf6 Be5 30. Rg2+ Kf8 31. Qd1 Rxf6 32. Qh5 Rxf1+ 33. Nxf1 Nf6 34. Qh6+ Ke7 35. Bb3 d3 36.
Rg7 Qc5+ 37. Kh1 Rf8 38. Qg6 Kd6 39. Rxf7 Rxf7 40. Qxf7 Qd4 41. Qe6+ Kc5 42. Nd2 Qxb2 43. Qe7+ Kb6 44. Qd8+ Kc5 45. Qe7+ Kb6 46. Qd8+ Kc5 47. Qe7+ 1/2-1/2

[Event "Early-Titled-Tuesday-Blitz-April-23-2024"]
[Site "Chess.com"]
[Date "2024.04.23"]
[Round "4"]
[White "dealshark"]
[Black "FischerKasparow"]
[Result "0-1"]
[WhiteElo "2306"]
[BlackElo "2124"]
[TimeControl "180+1"]
[EndTime "8:40:22 PDT"]
[Termination "FischerKasparow won by resignation"]

1. e4 c5 2. Nf3 d6 3. d4 Nf6 4. Nc3 cxd4 5. Nxd4 a6 6. Be3 e5 7. Nb3 Be6 8. f3 Be7 9. Qd2 Nbd7 10. g4 b5 11. h4 b4 12. Ne2 a5 13. h5 a4 14.
Nbc1 Nb6 15. Ng3 h6 16. Bb5+ Bd7 17. Bxd7+ Nfxd7 18. Nf5 Nc4 19. Qe2 Nxe3 20. Qxe3 O-O 21. Ne2 Bg5 22. Qd3 Nb6 23. Kf2 Qc7 24. Kg2 Rfd8 25.
Rhd1 Rac8 26. c3 bxc3 27. Nxc3 Qc4 28. Qxc4 Rxc4 29. Rxd6 Rxd6 30. Nxd6 Rd4 31. Rd1 Rb4 32. Rb1 Nd7 33. Nd5 Rd4 34. Nf5 Rd2+ 35. Kf1 Nc5 36. Rc1 Nd3 37. Rc8+ Kh7 38. Rc3 Nxb2 39. Ra3 Rd1+ 40. Ke2 Rh1 41. Ng3 Rh2+ 42. Kf1 Nc4 43. Rc3 Ne3+ 44. Ke1 Ng2+ 45. Kd1 Ne3+ 46. Kc1 Nxd5+ 47.
Re3 Nxe3 0-1

[Event "Early-Titled-Tuesday-Blitz-April-23-2024"]
[Site "Chess.com"]
[Date "2024.04.23"]
[Round "4"]
[White "wild3000"]
[Black "briesmas"]
[Result "1-0"]
[WhiteElo "2481"]
[BlackElo "2191"]
[TimeControl "180+1"]
[EndTime "8:40:23 PDT"]
[Termination "wild3000 won on time"]

1. d3 Nf6 2. g3 g6 3. Bg2 Bg7 4. e4 d6 5. Nc3 O-O 6. f4 Nbd7 7. Nf3 e5 8. O-O c6 9. h3 Nh5 10. Qe1 exf4 11. gxf4 f5 12. Ng5 Qb6+ 13. Kh2 Ndf6 14. Rb1 h6 15. Nf3 Bd7 16. Nh4 Kh7 17. Be3 Qc7 18.
Bf3 Rae8 19. Rg1 fxe4 20. dxe4 d5 21. e5 g5 22. exf6 Bxf6 23. Bxh5 d4 24. Bg6+ Kg7 25.
Bxe8 Rxe8 26. Ng2 dxe3 27. Kh1 Bxh3 28. Rd1 Kh7 29. fxg5 Bxg5 30. Rf1 Qe5 31. Ne2 Qe4 32.
Rf7+ Kg8 33. Qf1 Bxg2+ 34. Qxg2 Qxg2+ 35. Kxg2 Kxf7 36. Rd7+ Re7 37. Rd3 Ke6 38. Kf3 Ke5 39. Ng1 h5 40. Ke2 Rf7 41. Nf3+ Kf4 42. Rd4+ Kg3 43.
Nxg5 h4 44. Nxf7 1-0

[Event "Early-Titled-Tuesday-Blitz-April-23-2024"]
[Site "Chess.com"]
[Date "2024.04.23"]
[Round "4"]
[White "Kazmin_Semyon"]
[Black "FXDon77"]
[Result "0-1"]
[WhiteElo "2561"]
[BlackElo "2842"]
[TimeControl "180+1"]
[EndTime "8:40:24 PDT"]
[Termination "FXDon77 won on time"]

1. e4 c6 2. d4 d5 3. e5 c5 4. dxc5 Nc6 5. a3 Nxe5 6. b4 a5 7. Bb2 Nc6 8. b5 Nb8 9. c4 Nf6 10. cxd5 Qxd5 11. Qxd5 Nxd5 12. Nc3 Nxc3 13. Bxc3 e5 14.
Bxe5 Nd7 15. Bd6 Nxc5 16. Bxf8 Kxf8 17. Bc4 Be6 18. Bxe6 Re8 19. O-O-O Rxe6 20. Rd8+ Re8 21. Rxe8+ Kxe8 22. Kc2 Ke7 23. Nf3 Rc8 24. Re1+ Kf6 25. Kd2 Ne6 26. Ne5 Rd8+ 27. Kc3 Rd5 28. Ng4+ Ke7 29.
a4 b6 30. Ne5 Rc5+ 31. Kd2 f6 32. Nc6+ Kd6 33. Rd1 Rd5+ 34. Kc2 Rxd1 35. Kxd1 Nc5 36. Nd4 Nxa4 37. Nf5+ Ke5 38. Nxg7 Nc3+ 39. Kc2 Nxb5 40. Kb3 Nc7 41. Kc4 b5+ 42. Kc5 a4 43. Kb4 Kd5 44. Nf5 Kc6 45. Nd4+ Kb6 46. Ka3 Nd5 0-1

[Event "Early-Titled-Tuesday-Blitz-April-23-2024"]
[Site "Chess.com"]
[Date "2024.04.23"]
[Round "4"]
[White "Rsnr"]
[Black "xberli"]
[Result "0-1"]
[WhiteElo "2880"]
[BlackElo "2635"]
[TimeControl "180+1"]
[EndTime "8:40:25 PDT"]
[Termination "xberli won on time"]

1. d4 Nf6 2. c4 g6 3. h4 c5 4.
d5 e6 5. Nc3 exd5 6. cxd5 h5 7.
e4 d6 8. Bb5+ Nfd7 9. Bg5 Be7 10. Qd2 a6 11. Be2 Ne5 12. Nf3 Nbd7 13. a4 Nxf3+ 14.
gxf3 Ne5 15. f4 Ng4 16. f3 Nf6 17. e5 Nh7 18. Ne4 Nxg5 19. hxg5 Bf5 20. Nf6+ Bxf6 21. gxf6 Qc7 22. Kf2 O-O-O 23. Rad1 Kb8 24. Rhe1 h4 25.
Kg1 h3 26. Kh2 g5 27. Bf1 c4 28. Qd4 Rh4 29. e6 Rxf4 30. Qe3 Rg8 31. e7 Bd7 32. Rd4 Rxd4 33. Qxd4 Qc8 34. Qxc4 Qe8 35. Rc1 g4 36. Qc7+ Ka8 37. fxg4 Bxg4 38. Qxd6 Bc8 39. Qc7 Qxa4 40. Qe5 Qd7 41. Qe3 Qd6+ 42. Kh1 Qxd5+ 43. Kh2 Qd6+ 44. Kh1 Bd7 45. Re1 Bc6+ 0-1

[Event "Early-Titled-Tuesday-Blitz-April-23-2024"]
[Site "Chess.com"]
[Date "2024.04.23"]
[Round "4"]
[White "Arteler"]
[Black "klifus"]
[Result "1/2-1/2"]
[WhiteElo "2347"]
[BlackElo "2098"]
[TimeControl "180+1"]
[EndTime "8:40:25 PDT"]
[Termination "Game drawn by repetition"]

1. e4 c5 2. Nf3 d6 3. d4 cxd4 4. Nxd4 Nf6 5. Nc3 a6 6. f3 e5 7. Nb3 Be7 8. Be3 Be6 9. Qd2 O-O 10. g4 d5 11. exd5 Nxd5 12. Nxd5 Qxd5 13. Qxd5 Bxd5 14. Be2 Nc6 15. O-O-O Be6 16. Bc5 Bg5+ 17. Kb1 Rfd8 18. Bb6 Rxd1+ 19. Rxd1 Bxb3 20. axb3 Bd8 21. Be3 Ba5 22. Rd7 b5 23. f4 Rd8 24. Rxd8+ Bxd8 25. Bf3 exf4 26. Bxf4 Nd4 27. Bb7 a5 28. Be3 Ne6 29.
Bc6 b4 30. Kc1 Kf8 31. Kd2 Ke7 32. Ke2 Kd6 33. Be4 Ke5 34. Bd3 g6 35. c3 Nf4+ 36. Kd2 bxc3+ 37. bxc3 Nxd3 38. Kxd3 f5 39. gxf5 gxf5 40.
Bd2 f4 41. c4 Bb6 42. h3 Kf5 43. Ke2 Ke4 44. b4 axb4 45. Bxb4 Bd4 46. c5 Be5 47. c6 Kd5 48. Kf2 Kxc6 49. Kf3 Kd5 50. Bd2 Ke6 51.
Bxf4 Bxf4 52. Kxf4 Kf6 53. h4 Kg6 54. Kg4 h5+ 55.
Kf4 Kf6 56. Ke4 Ke6 57. Kf4 Kf6 58. Ke4 Ke6 59. Kf4 Kf6 1/2-1/2

[Event "Early-Titled-Tuesday-Blitz-April-23-2024"]
[Site "Chess.com"]
[Date "2024.04.23"]
[Round "4"]
[White "NMChessToImpress"]
[Black "lagedema"]
[Result "1-0"]
[WhiteElo "2228"]
[BlackElo "2401"]
[TimeControl "180+1"]
[EndTime "8:40:25 PDT"]
[Termination "NMChessToImpress won by resignation"]

1. e4 c5 2. Nf3 d6 3. d4 cxd4 4. Nxd4 Nf6 5. Nc3 a6 6. Be3 e6 7. f3 b5 8. a3 Bb7 9. Qd2 Nbd7 10. g4 Rc8 11. g5 Nh5 12. O-O-O Nb6 13. Kb1 Nc4 14. Bxc4 Rxc4 15. f4 Be7 16. Rhg1 O-O 17. f5 e5 18. f6 exd4 19. Bxd4 Re8 20. fxe7 Qxe7 21. Nd5 Bxd5 22. exd5 Qd7 23. b3 Rcc8 24. Rde1 Qf5 25. Bb2 Nf4 26. Ref1 Re4 27. Bc1 Re2 28. Rxf4 Qxc2+ 29. Qxc2 Rcxc2 30. h4 a5 31. Rgf1 Rc3 32. R4f3 Rxf3 33. Rxf3 Rh2 34. Rf4 f6 35. Re4 f5 36. Re8+ Kf7 37. Rd8 Ke7 38. Rb8 f4 39. Rb7+ Kf8 40. Bxf4 Rh1+ 41. Kc2 Rxh4 42. Bxd6+ Ke8 43.
Rxg7 Kd8 44. Be7+ Kd7 45. g6 Rh6 46. Bg5+ Ke8 47. Bxh6 Kf8 48. Rxh7+ 1-0

[Event "Early-Titled-Tuesday-Blitz-April-23-2024"]
[Site "Chess.com"]
[Date "2024.04.23"]
[Round "4"]
[White "ansko1999"]
[Black "Kimkibo"]
[Result "0-1"]
[WhiteElo "2601"]
[BlackElo "2423"]
[TimeControl "180+1"]
[EndTime "8:40:28 PDT"]
[Termination "Kimkibo won on time"]

1. Nc3 Nf6 2. e4 d6 3. d4 g6 4.
Nf3 Bg7 5. Be2 O-O 6. O-O Nbd7 7.
Re1 e5 8. dxe5 Nxe5 9. Nxe5 dxe5 10. Bg5 c6 11. a4 Be6 12. Qc1 Qa5 13. Rb1 Qb4 14. Bd3 Rad8 15. Bd2 Qb6 16. Be3 Qb4 17. Bxa7 b6 18. Qe3 Rd4 19. Ne2 Ng4 20. Qc1 Qa5 21.
h3 Nf6 22. Nxd4 exd4 23. Bxb6 Qxb6 24. b4 Nd7 25. a5 Qa7 26. f4 f5 27. exf5 Bxf5 28.
Bc4+ Kh8 29. Re7 d3+ 30. Kh2 dxc2 31. Rb2 Qd4 32. Rxc2 Bxc2 33. Qxc2 Qxf4+ 34. Kh1 Be5 35. Rxe5 Qxe5 36. a6 Nb6 37. Bb3 Nd5 38. Bc4 Ne3 39. Qb3 Nxc4 40. Qxc4 Rd8 41. g3 Qxg3 0-1

[Event "Early-Titled-Tuesday-Blitz-April-23-2024"]
[Site "Chess.com"]
[Date "2024.04.23"]
[Round "4"]
[White "Tonychess32"]
[Black "Kostukov_Alex"]
[Result "0-1"]
[WhiteElo "2528"]
[BlackElo "2350"]
[TimeControl "180+1"]
[EndTime "8:40:28 PDT"]
[Termination "Kostukov_Alex won by resignation"]

1. c4 c5 2. Nf3 Nf6 3. e3 g6 4.
Be2 Bg7 5. O-O O-O 6. Nc3 Nc6 7. d4 cxd4 8. Nxd4 d5 9. cxd5 Nxd5 10. Nxd5 Qxd5 11.
Bf3 Qc5 12. Nxc6 bxc6 13. Qa4 Rb8 14. Rb1 Bf5 15. e4 Be6 16. Be3 Qb5 17. Qxb5 cxb5 18.
b3 a5 19. Rbc1 a4 20. bxa4 bxa4 21. Rc2 Rb2 22. Rxb2 Bxb2 23. Bc5 Bxa2 24. Bxe7 Rc8 25. Rd1 Rc1 26. Rxc1 Bxc1 27. Kf1 a3 28. Ke2 Bb3 29. Bxa3 Bxa3 30. h3 Bc4+ 31. Kd2 Bb4+ 32. Kd1 Kg7 33. Bg4 Kf6 34. f4 Bd3 35. Bf3 Ke6 36. g4 Bc3 37. h4 Kd6 38. Kc1 Kc5 39. Kd1 Kd4 40. e5 Ke3 41. Bd5 Kxf4 42. Bxf7 Kxe5 43. h5 g5 44. h6 Kf4 45. Be6 Be4 46. Ke2 Bf3+ 47. Kd3 Bb2 48. Bf5 Bxg4 49. Bxh7 Bh8 50. Kd2 Bf3 51. Bg8 g4 52. Ke1 g3 53. Kf1 g2+ 54.
Ke1 0-1

[Event "Early-Titled-Tuesday-Blitz-April-23-2024"]
[Site "Chess.com"]
[Date "2024.04.23"]
[Round "4"]
[White "UmarovSabir"]
[Black "LeoLV10"]
[Result "1-0"]
[WhiteElo "2313"]
[BlackElo "2496"]
[TimeControl "180+1"]
[EndTime "8:40:29 PDT"]
[Termination "UmarovSabir won by resignation"]

1. e4 c6 2. d4 d5 3. Bd3 dxe4 4. Bxe4 Nf6 5. Bf3 g6 6. Ne2 Bg7 7. O-O O-O 8. h3 Qb6 9. Nd2 Na6 10. Nc4 Qd8 11. Bf4 Be6 12. Ne5 Nd5 13. Bg3 Nf6 14. c4 Nc7 15. Qd2 Nd7 16. Nxd7 Qxd7 17. b3 Rad8 18. Rad1 Rfe8 19. Rfe1 Qc8 20. Qa5 Na6 21.
d5 b6 22. Qa3 cxd5 23. cxd5 Bf5 24. Rc1 Nc5 25. Qxa7 Qa8 26. Qxb6 Nd3 27. d6 Be4 28. dxe7 Rd7 29. Bxe4 Qxe4 30. Nc3 Qf5 31. Nb5 Nxc1 32. Rxc1 Rdxe7 33. a4 Bb2 34. Rf1 Qd3 35. Nd6 Re1 36. Rxe1 Rxe1+ 37. Kh2 Be5 38. Qd8+ Kg7 39. Qd7 Bxg3+ 40.
fxg3 Qd5 41. Ne8+ Rxe8 42. Qxd5 Re2 43. Qc4 Re6 44. Qd4+ Kf8 45. Qc3 Ke7 46. Qb4+ Kd7 47. a5 h5 48. Qb7+ Kd8 49. a6 Rb6 50. Qxb6+ 1-0

[Event "Early-Titled-Tuesday-Blitz-April-23-2024"]
[Site "Chess.com"]
[Date "2024.04.23"]
[Round "4"]
[White "Antipov_Mikhail_Al"]
[Black "Jospem"]
[Result "1-0"]
[WhiteElo "2897"]
[BlackElo "3076"]
[TimeControl "180+1"]
[EndTime "8:40:30 PDT"]
[Termination "Antipov_Mikhail_Al won by checkmate"]

1. e4 c5 2. Nf3 d6 3. Bb5+ Nd7 4. O-O a6 5. Bd3 Ngf6 6. Re1 b6 7. c4 Bb7 8. Nc3 e6 9. Bf1 Be7 10. d4 cxd4 11.
Nxd4 Rc8 12. f3 O-O 13. Qd2 Qc7 14. b3 b5 15. cxb5 Qxc3 16. Qxc3 Rxc3 17. bxa6 Ba8 18. Ba3 Rb8 19. Rac1 Rxc1 20. Rxc1 Nc5 21. b4 Nxa6 22. Bxa6 d5 23. e5 Ne8 24. Bb5 Kf8 25. Kf2 Bd8 26. Bc6 Bb6 27. b5+ Kg8 28. Bc5 Bc7 29. Bxe8 Rxe8 30. f4 f6 31. b6 Bd8 32. exf6 Bxf6 33. a4 Rc8 34. Ke3 Bb7 35. a5 e5 36. Nf5 d4+ 37.
Kd2 Ra8 38. Bb4 e4 39. Rc7 e3+ 40. Ke1 Ba6 41. Be7 Re8 42. Bxf6 gxf6 43. Nxd4 Re4 44. Nf5 Rxf4 45. Nxe3 Rb4 46. Nd5 Rb1+ 47. Kf2 f5 48. Ra7 Bc4 49. Ne7+ Kf8 50. Nc6 Rb2+ 51. Ke3 Bd5 52. b7 Bb3 53. b8=Q# 1-0

[Event "Early-Titled-Tuesday-Blitz-April-23-2024"]
[Site "Chess.com"]
[Date "2024.04.23"]
[Round "4"]
[White "yobdc"]
[Black "ChessboArt"]
[Result "1-0"]
[WhiteElo "2606"]
[BlackElo "2322"]
[TimeControl "180+1"]
[EndTime "8:40:31 PDT"]
[Termination "yobdc won on time"]

1. d4 Nf6 2. Nc3 d5 3. Bf4 Bf5 4. f3 e6 5. g4 Bg6 6. h4 h6 7. e3 a6 8. Bd3 Bxd3 9. Qxd3 c5 10. dxc5 Nc6 11. O-O-O Bxc5 12. Nge2 Qa5 13. g5 hxg5 14.
hxg5 Rxh1 15. Rxh1 Nd7 16. Rh8+ Bf8 17. g6 f6 18. e4 Nde5 19. Bxe5 Nxe5 20. Qe3 O-O-O 21.
exd5 exd5 22. Nd4 Nxg6 23. Qe6+ Kb8 24. Rg8 Qc7 25. Nxd5 Qd7 26. c4 Ka7 27. Qxd7 Rxd7 28. Ne6 Bd6 29. Nxg7 Nf4 30. Nf5 Nxd5 31. cxd5 Be5 32.
d6 Bxd6 33. Nxd6 Rxd6 34. Rf8 Re6 35. Kc2 Kb6 36. a3 Kc6 37. a4 b5 38. axb5+ axb5 39.
Kc3 Kc5 40. b4+ Kb6 41. Kd4 Rd6+ 42. Kc3 Rc6+ 43. Kd3 Rd6+ 44. Ke4 Rc6 45. Kd5 Kb7 46. Rf7+ Kb6 47. f4 Rc1 48. Rxf6+ Kb7 49. f5 Rc4 50. Rf7+ Kb6 51. Rf6+ Kb7 52. Rh6 Rxb4 53. f6 Rf4 54. Ke6 1-0

[Event "Early-Titled-Tuesday-Blitz-April-23-2024"]
[Site "Chess.com"]
[Date "2024.04.23"]
[Round "4"]
[White "Zhigalko_Sergei"]
[Black "AlphaGoosee"]
[Result "1-0"]
[WhiteElo "2934"]
[BlackElo "2627"]
[TimeControl "180+1"]
[EndTime "8:40:32 PDT"]
[Termination "Zhigalko_Sergei won by resignation"]

1. e4 c5 2. Nf3 d6 3. d4 cxd4 4. Qxd4 Nc6 5. Bb5 a6 6. Bxc6+ bxc6 7. c4 e5 8. Qd3 Qc7 9. O-O Ne7 10. Be3 Ng6 11.
c5 dxc5 12. Qc2 Bg4 13. Nbd2 Rb8 14. h3 Bxf3 15. Nxf3 Be7 16. b3 Rb5 17. a4 Rb8 18. Bxc5 O-O 19. Be3 Rb4 20. Rac1 Rc8 21. Rfd1 h6 22. Nd2 Qb7 23. Nc4 Qc7 24. Rd3 Nf4 25.
Bxf4 exf4 26. Rcd1 Rb7 27. Rd7 Qb8 28. e5 Rxd7 29.
Rxd7 Rc7 30. Rd3 Bb4 31. Qd1 Rc8 32. Rd7 Rf8 33. Qf3 Bc5 34. Rd3 Qb4 35. Qe4 Rb8 36.
e6 fxe6 37. Qxe6+ Kh8 38. Qe4 Rf8 39. Rf3 Qb8 40. Ne5 Re8 41. Ng6+ Kh7 42. Qc2 Kg8 43. Qxc5 Re1+ 44. Kh2 Qe8 45. Qc4+ Kh7 46. Nxf4 Re4 47. Qd3 Qe5 48. g3 g5 49. Re3 gxf4 50. Qxe4+ Qxe4 51. Rxe4 fxg3+ 52. fxg3 1-0